 Dungeon Crawl Stone Soup version 0.31-a0-232-gb1c03b2570 (webtiles) character file.

Game seed: 7270095451956924207

252 qw the Shooter (level 5, 0/45 HPs)
             Began as a Minotaur Hexslinger on July 6, 2023.
             Slain by Grinder (2 damage)
             ... on level 3 of the Dungeon.
             The game lasted 00:01:13 (2218 turns).

qw the Shooter (Minotaur Hexslinger)                Turns: 2218, Time: 00:01:13

Health: 0/45       AC:  3    Str: 13    XL:     5   Next: 89%
Magic:  5/5        EV: 12    Int: 10    God:
Gold:   112        SH:  0    Dex: 14    Spells: 5/6 levels left

rFire   . . .        Y - +2 sling
rCold   . . .        (no shield)
rNeg    . . .        d - +0 leather armour
rPois   .            (helmet restricted)
rElec   .            (no cloak)
rCorr   .            (no gloves)
SInv    .            (no boots)
Will    .....        (no amulet)
Stlth   +            (no ring)
HPRegen 0.27/turn    (no ring)
MPRegen 0.09/turn

%: no passive effects
@: about to teleport
A: horns 2, retaliatory headbutt
a: no special abilities


You were on level 3 of the Dungeon.
You visited 1 branch of the dungeon, and saw 3 of its levels.

You collected 140 gold pieces.
You spent 28 gold pieces at shops.


Innate Abilities, Weirdness & Mutations

You have a pair of horns on your head.
You reflexively headbutt those who attack you in melee.


   Skills:
 + Level 3.6 Fighting
 - Level 6.0 Ranged Weapons
 - Level 2.1 Dodging
 - Level 1.0 Spellcasting
 - Level 2.0 Hexes


You had 5 spell levels left.
You knew the following spells:

 Your Spells              Type           Power      Damage    Failure   Level
a - Slow                  Hex            16%        N/A       19%         1

Your spell library contained the following spells:

 Spells                   Type           Power      Damage    Failure   Level
 Inner Flame              Hex/Fire       2%         N/A       65%         3
 Portal Projectile        Hex/Tloc       4%         N/A       65%         3
 Cause Fear               Hex            2%         N/A       88%         4

Inventory:

Hand Weapons
 Y - a +2 sling (weapon)
Armour
 a - a +0 pair of boots
 d - a +0 leather armour (worn)
Jewellery
 e - the ring of Exhibitionism {*Slow rElec EV+5 Int+5 Stlth+}
   (You found it on level 3 of the Dungeon)

   [ring of evasion]

   EV:        It affects your evasion (+5).
   Int:       It affects your intelligence (+5).
   rElec:     It insulates you from electricity.
   *Slow:     It may slow you when you take damage.
   Stlth:     It makes you more stealthy.
Wands
 b - a wand of digging (6)
Scrolls
 c - a scroll of enchant armour
 h - 2 scrolls of identify
 j - a scroll of teleportation
Potions
 k - a potion of might
 l - a potion of mutation
 n - a potion of degeneration {unknown}

Dungeon Overview and Level Annotations

Branches:
Dungeon (3/15)

Altars:

Shops:
D:2 *

Annotations:
D:3 Grinder, Terence


Message History

Grinder is lightly wounded.
You shoot a sling bullet. The sling bullet hits Grinder.
Grinder is moderately wounded.
Grinder closely misses you.
You shoot a sling bullet. The sling bullet barely misses Grinder.
Grinder hits you!
You writhe in agony.
You shoot a sling bullet. The sling bullet hits Grinder.
Grinder is moderately wounded.
Grinder blinks!
You shoot a sling bullet. The sling bullet hits Grinder.
Grinder is moderately wounded.
You shoot a sling bullet. The sling bullet hits Grinder!
Grinder is heavily wounded.
You shoot a sling bullet.
The sling bullet closely misses Grinder.
Grinder gestures at you.
You suddenly lose the ability to move!
Grinder hits you!
You writhe in agony.
Grinder gestures at you.
You barely resist. Grinder gestures at you. You resist with significant effort.
You can move again.
You shoot a sling bullet. The sling bullet hits Grinder.
Grinder is heavily wounded.
Grinder hits you.
You writhe in agony.
You shoot a sling bullet.
The sling bullet closely misses Grinder.
Grinder hits you.
You writhe in agony.
You shoot a sling bullet.
The sling bullet completely misses Grinder.
Grinder hits you!
2217 ||| READING 2 scrolls of teleportation.
As you read the scroll of teleportation, it crumbles to dust.
You feel strangely unstable. Grinder hits you.
You shoot a sling bullet. The sling bullet hits Grinder.
Grinder is heavily wounded.
Grinder hits you.
You writhe in agony.
You die...

########...#
#...........# #.
#...# #......%....#
##. #####
#........#..#####..
#........#...##.+..
##........#......#..
#.........#......#..
#.........#......#..
#...#####...........
#..@# #.#.........
#..5# #.#.####>(..
#>..# #.#.# ##.##
...... #. #.#
....... #.#
.......... #.#
.......... ...
..........#


You could see Grinder.

Vanquished Creatures
  Sigmund (D:2)
  3 adders
  3 dart slugs
  An orc (D:3)
  5 ball pythons
  3 bats (D:1)
  7 endoplasms
  2 giant cockroaches
  6 goblins
  5 hobgoblins
  6 jackals
  5 quokkas
  3 kobolds
  15 rats
65 creatures vanquished.

Notes
Turn   | Place    | Note
-------+----------+-------------------------------------------
     0 | D:1      | qw the Minotaur Hexslinger began the quest for the Orb.
     0 | D:1      | Reached XP level 1. HP: 16/16 MP: 1/1
     0 | D:1      | 0 ||| qw: Version: 0.3-a-46-gb1f654a
     0 | D:1      | 0 ||| qw: Game counter: 2015
     0 | D:1      | 0 ||| qw: Melee chars always use a shield: true
     0 | D:1      | 0 ||| qw: God list: Okawaru
     0 | D:1      | 0 ||| qw: Allow faded altars: false
     0 | D:1      | 0 ||| qw: Do Orc after clearing Dungeon:15 true
     0 | D:1      | 0 ||| qw: Do second Lair branch before Depths: true
     0 | D:1      | 0 ||| qw: Lair rune preference: random
     0 | D:1      | 0 ||| qw: Goals: Normal
     0 | D:1      | 0 ||| PLANNING D:1-11
   112 | D:1      | 112 ||| FLEEEEING.
   125 | D:1      | Reached skill level 3 in Ranged Weapons
   136 | D:1      | Reached XP level 2. HP: 23/23 MP: 2/2
   150 | D:1      | Found a faded altar of an unknown god.
   640 | D:1      | 640 ||| UPGRADING to +0 leather armour.
   650 | D:1      | 650 ||| DROPPING +0 robe.
   651 | D:1      | 651 ||| DROPPING scroll of poison.
   691 | D:2      | Noticed Sigmund
   695 | D:2      | 695 ||| STAIRDANCE
   696 | D:2      | Reached XP level 3. HP: 23/29 MP: 3/3
   721 | D:2      | 721 ||| STAIRDANCE
   723 | D:2      | 723 ||| STAIRDANCE
   736 | D:2      | 736 ||| STAIRDANCE
   759 | D:2      | 759 ||| STAIRDANCE
   800 | D:2      | 800 ||| STAIRDANCE
   810 | D:2      | 810 ||| STAIRDANCE
   819 | D:2      | 819 ||| STAIRDANCE
   850 | D:2      | 850 ||| STAIRDANCE
   875 | D:2      | 875 ||| STAIRDANCE
   913 | D:2      | 913 ||| STAIRDANCE
   925 | D:2      | 925 ||| FLEEEEING.
   926 | D:2      | 926 ||| STAIRDANCE
   952 | D:2      | 952 ||| STAIRDANCE
   954 | D:2      | 954 ||| STAIRDANCE
   956 | D:2      | 956 ||| STAIRDANCE
   997 | D:2      | 997 ||| STAIRDANCE
  1022 | D:2      | 1022 ||| STAIRDANCE
  1043 | D:2      | 1043 ||| STAIRDANCE
  1077 | D:2      | 1077 ||| STAIRDANCE
  1117 | D:1      | 1117 ||| READING scroll labelled POUFFE KUACACW.
  1122 | D:2      | 1122 ||| STAIRDANCE
  1160 | D:2      | HP: 5/29 [something (11)]
  1161 | D:2      | Killed Sigmund
  1162 | D:2      | Reached skill level 6 in Ranged Weapons
  1162 | D:2      | Reached XP level 4. HP: 7/36 MP: 4/4
  1162 | D:2      | Reached XP level 5. HP: 8/41 MP: 5/5
  1415 | D:2      | Found Kathux's General Store.
  1423 | D:2      | 1423 ||| SHOPLISTING ring of poison resistance (280 gold,
                  | have 43).
  1423 | D:2      | 1423 ||| BUYING scroll of identify (28 gold).
  1423 | D:2      | Bought a scroll of identify for 28 gold pieces
  1645 | D:2      | 1645 ||| READING scroll labelled SOEFERPHONI.
  1646 | D:2      | 1646 ||| READING 2 scrolls labelled KAASAM GEGIH.
  1647 | D:2      | 1647 ||| READING scroll labelled IPAOKU GAENO.
  1648 | D:2      | 1648 ||| READING 2 scrolls labelled IDUEJY QEABB.
  1651 | D:2      | 1651 ||| READING scroll labelled KUZXECRYIR.
  1652 | D:2      | 1652 ||| DRINKING 3 glowing emerald potions.
  1653 | D:2      | 1653 ||| DRINKING 2 silvery potions.
  1654 | D:2      | 1654 ||| DRINKING 2 yellow potions.
  1655 | D:2      | 1655 ||| DRINKING 2 sedimented silvery potions.
  1656 | D:2      | 1656 ||| READING 2 scrolls of identify.
  1656 | D:2      | 1656 ||| IDENTIFYING sapphire potion
  1657 | D:2      | 1657 ||| DROPPING potion of brilliance.
  1658 | D:2      | 1658 ||| DROPPING potion of attraction.
  1694 | D:3      | Reached skill level 3 in Fighting
  2036 | D:3      | Noticed Terence
  2046 | D:3      | HP: 10/45 [Terence/+6 hand axe of flaming (4)]
  2047 | D:3      | 2047 ||| READING 4 scrolls of teleportation.
  2048 | D:3      | 2048 ||| DRINKING 2 potions of heal wounds.
  2051 | D:3      | 2051 ||| READING 3 scrolls of teleportation.
  2052 | D:3      | 2052 ||| DRINKING potion of heal wounds.
  2195 | D:3      | Identified the ring of Exhibitionism {*Slow rElec EV+5
                  | Int+5 Stlth+}
  2201 | D:3      | Noticed Grinder
  2210 | D:3      | Paralysed by Grinder for 4 turns
  2216 | D:3      | HP: 6/45 [Grinder (7)]
  2217 | D:3      | 2217 ||| READING 2 scrolls of teleportation.
  2218 | D:3      | HP: 2/45 [Grinder (2)]
  2218 | D:3      | Slain by Grinder

Levels and vault maps discovered:
D:1:      minmay_arrival_glassed_features, layout_basic,
          shapermc_ecumenical_altar_flowoftime, st_stairs_4, dk_noncrumbling_4
D:2:      layout_rooms, serial_shops, nicolae_shop_pleasant_corner_grove,
          minmay_rat_gold_closets, uniq_sigmund
D:3:      layout_basic, uniq_grinder, uniq_terence

Skill      XL: |  1  2  3  4  5 |
---------------+----------------+-----
Ranged Weapons | 3 6 |  6.0
Fighting       | 2 3 |  3.6
Dodging        | |  2.1
Spellcasting   | |  1.0
Hexes          | |  2.0

Action                     |  1- 3 |  4- 6 || total
---------------------------+-------+-------++-------
   Fire: Sling             |   111 |   121 ||   232
    Use: Scroll            |     1 |     9 ||    10
         Potion            |       |     6 ||     6
 Armour: Robe              |     5 |       ||     5
         Leather armour    |     8 |    13 ||    21
  Dodge: Dodged            |    43 |    22 ||    65

Table legend:
 A = Non-vault XP
 B = Vault XP
 C = Vault XP percentage of total XP
 D = Non-vault monster count
 E = Vault monster count
 F = Vault count percentage of total count
                 A         B        C        D         E       F
            +---------+---------+-------+---------+---------+-------
      Total |     132 |     228 |  63.3 |      54 |      11 |  16.9
            +---------+---------+-------+---------+---------+-------
        D:1 |      36 |       6 |  14.3 |      21 |       2 |   8.7
        D:2 |      40 |     222 |  84.7 |      17 |       9 |  34.6
        D:3 |      56 |       0 |   0.0 |      16 |       0 |   0.0
            +---------+---------+-------+---------+---------+-------
